 Dungeon Crawl Stone Soup version 0.29.1-15-g9cfb28693d (webtiles) character file.

Game seed: 8723687464458190191

3091 protoss039 the Digger (level 9, -3/71 HPs)
             Began as a Demonspawn Earth Elementalist on Mar 13, 2023.
             Was a Priest of Vehumet.
             Killed from afar by an electric eel (10 damage)
             ... with a bolt of electricity
             ... on level 8 of the Dungeon.
             The game lasted 00:09:26 (8836 turns).

protoss039 the Digger (DsEE)                        Turns: 8836, Time: 00:09:27

Health: -3/71      AC:  6    Str:  9    XL:     9   Next: 59%
Magic:  21/27      EV: 12    Int: 21    God:    Vehumet [***...]
Gold:   365        SH:  0    Dex: 13    Spells: 9/20 levels left

rFire   . . .      SeeInvis .   s - +4 quarterstaff "Ceyleuw" {venom, rC- Will+ rCorr}
rCold   x . .      Faith    .   (shield currently unavailable)
rNeg    . . .      Spirit   .   u - +2 robe {Archmagi}
rPois   .          Reflect  .   (no helmet)
rElec   .          Harm     .   (cloak unavailable)
rCorr   +          Rampage  .   (no gloves)
Will    +....      Archmagi +   (no boots)
Stlth   +.........              (no amulet)
HPRegen 0.21/turn               r - +4 ring of slaying
MPRegen 0.20/turn               v - ring of magical power

@: very slow
A: molten scales 1, demonic magic 1, weakness stinger 3
a: Renounce Religion


You were on level 8 of the Dungeon.
You worshipped Vehumet.
Vehumet was most pleased with you.
You visited 2 branches of the dungeon, and saw 9 of its levels.

You collected 365 gold pieces.

Inventory:

Hand Weapons
 e - a +0 dagger of freezing
 s - the +4 quarterstaff "Ceyleuw" (weapon) {venom, rC- Will+ rCorr}
   (You found it on level 5 of the Dungeon)

   It poisons the flesh of those it strikes.
   rC:        It makes you vulnerable to cold.
   rCorr:     It protects you from acid and corrosion.
   Will:      It increases your willpower.
Missiles
 m - 2 throwing nets (quivered)
Armour
 o - a +2 robe of fire resistance
 u - a +2 robe of the Archmagi (worn)
Jewellery
 d - a +4 ring of protection
 k - a ring of willpower
 r - a +4 ring of slaying (left hand)
 v - a ring of magical power (right hand)
 E - an amulet of magic regeneration
Wands
 p - a wand of flame (19)
Scrolls
 a - a scroll of noise {unknown}
 f - a scroll of magic mapping
 g - 2 scrolls of identify
 t - a scroll of poison {unknown}
 w - 2 scrolls of vulnerability
 y - a scroll of enchant armour
 z - a scroll of butterflies {unknown}
 A - a scroll of silence {unknown}
 D - a scroll of blinking {unknown}
Potions
 b - a potion of magic
 c - a potion of brilliance
 h - a potion of ambrosia {unknown}
 i - a potion of attraction
 j - 2 potions of might {unknown}
 l - a potion of cancellation {unknown}
 n - a potion of invisibility {unknown}
 q - 2 potions of degeneration {unknown}
 x - a potion of haste {unknown}
 B - a potion of flight {unknown}
 C - 2 potions of resistance {unknown}


   Skills:
 + Level 6.5 Fighting
 + Level 3.0 Armour
 - Level 1.7 Dodging
 - Level 1.7 Stealth
 + Level 6.3 Spellcasting
 + Level 6.0 Conjurations
 - Level 0.8 Transmutations
 + Level 6.5 Earth Magic


You had 9 spell levels left.
You knew the following spells:

 Your Spells              Type           Power      Damage    Failure   Level
a - Sandblast             Erth           100%       2d20      1%          1
b - Passwall              Tmut/Erth      27%        N/A       3%          2
c - Stone Arrow           Conj/Erth      98%        3d13      1%          3
d - Inner Flame           Hex/Fire       9%         N/A       8%          3
e - Sublimation of Blood  Necr           9%         N/A       14%         2

Your spell library contained the following spells:

 Spells                   Type           Power      Damage    Failure   Level
 Poisonous Vapours        Pois/Air       18%        N/A       4%          2
 Sting                    Tmut/Pois      48%        1d5       8%          1
 Apportation              Tloc           18%        N/A       10%         1
 Necrotise                Necr           36%        1d5       10%         1
 Summon Small Mammal      Summ           36%        N/A       10%         1
 Ensorcelled Hibernation  Hex/Ice        18%        N/A       14%         2
 Petrify                  Tmut/Erth      33%        N/A       21%         4
 Olgreb's Toxic Radiance  Pois           9%         N/A       24%         4
 Swiftness                Air            9%         N/A       28%         3
 Ozocubu's Refrigeration  Ice            4%         4d8       100%        7
 Ignition                 Fire           4%         3d4       100%        8


Dungeon Overview and Level Annotations

Branches:
Dungeon (8/15) Zot: 26676  Temple (1/1) D:7 Zot: 5685
   Lair: D:8-11

Altars:
Ashenzari
Cheibriados
Fedhas
Gozag
Hepliaklqana
Kikubaaqudgha
Makhleb
Nemelex Xobeh
Okawaru
Ru
Sif Muna
Trog
Uskayaw
Vehumet
Wu Jian
Xom

Annotations:
D:3 1 transporter
D:5 3 runed translucent doors, Enish's ghost, amateur DgCj; diceflayer's ghost, novice DsHu; enotiy's ghost, novice GrFi; gargbit's ghost, novice FoFi
D:8 1 transporter


Innate Abilities, Weirdness & Mutations

You are partially covered in molten scales. (AC +2)
Spells you cast may paralyse adjacent enemies.
You have a sharp stinger which inflicts weakening toxins.


Message History

Your Conjurations skill increases to level 6!
Unknown command.
A nearby plant withers and dies.
The electric eel shoots out a bolt of lightning at you!
The bolt of electricity misses you.
The electric eel shoots out a bolt of lightning at you!
The bolt of electricity hits you!
Casting: Stone Arrow (safe; 1% risk of failure)
Confirm with . or Enter, or press ? or * to list all spells.
Aiming: Stone Arrow (safe; 1% risk of failure)
Press: ? - help, Shift-Dir - straight line, f - you
Okay, then.
A nearby plant withers and dies.
The electric eel shoots out a bolt of lightning at you!
The bolt of electricity hits the plant!
The plant begins to die.
The bolt of electricity hits you!
Casting: Stone Arrow (safe; 1% risk of failure)
Confirm with . or Enter, or press ? or * to list all spells.
Aiming: Stone Arrow (safe; 1% risk of failure)
Press: ? - help, Shift-Dir - straight line, f - electric eel
Aim: an electric eel (water, 60% to hit)
You feel a surge of power!
Your line of fire to the electric eel is blocked by a plant.
A nearby plant withers and dies.
The electric eel shoots out a bolt of lightning at you!
The bolt of electricity hits the electric eel.
The electric eel completely resists.
The bolt of electricity hits the plant!
The bolt of electricity hits you!
* * * LOW HITPOINT WARNING * * *
Unknown command.
Okay, then.
The electric eel shoots out a bolt of lightning at you!
The bolt of electricity hits the plant.
The plant begins to die.
The bolt of electricity hits you!
* * * LOW HITPOINT WARNING * * *
A nearby plant withers and dies.
The electric eel shoots out a bolt of lightning at you!
The bolt of electricity hits the plant!
The plant begins to die.
The bolt of electricity hits you!
You die...

.##..## ...... $P♣~♣ .......
..#.♣♣♣~~~♣~♣ #......##
~~P♣~♣~~~P~P .8##......#
#♣~~PP~~P♣≈~≈
.#~~##..#..###♣~~~P~P~≈≈~≈~
#....##....##~♣♣~~P~~P≈≈≈≈~
}y##..#.#.....♣~P~~~~~~~≈≈≈≈≈
.$#.$#©#.....P♣~~~~~~≈≈~≈≈≈≈
.#..#.#....#~@P~♣P~~~≈≈≈≈≈≈
##.~..##...###~P~~S~~~S≈≈≈≈≈
##.#~.##........P~~~♣~P♣≈≈≈≈≈
.$~.8##.......##♣♣♣P~~~~~P≈≈~
##.......##. ~♣~~~P~~~~~
##........... .? ♣♣~~♣~~~♣
.##............#.. .~P♣♣~~
##..#..........##. ..##
.©.................. .


You could see an electric eel.

Vanquished Creatures
  Sigmund (D:5)
  A wyvern (D:7)
  3 steam dragons
  An acid dragon (D:8)
  A water moccasin (D:5)
  A sky beast (D:7)
  A black bear (D:6)
  An ice beast (D:6)
  An ogre (D:7)
  A phantom (D:7)
  A gnoll sergeant (D:7)
  3 bullfrogs (D:7)
  4 scorpions
  7 wights
  2 howler monkeys
  An electric eel (D:8)
  A jelly (D:5)
  4 orc priests
  A gnoll bouda (D:7)
  4 hounds
  3 iguanas
  Jessica (D:3)
  4 orc wizards
  A mummy (D:4)
  15 gnolls
  3 adders
  2 white imps (D:7)
  4 ufetubi
  A worm (D:2)
  10 orcs
  3 ball pythons
  2 bats
  4 endoplasms
  2 giant cockroaches
  11 goblins
  8 hobgoblins
  3 jackals (D:2)
  2 quokkas
  2 frilled lizards
  7 kobolds
  5 rats
133 creatures vanquished.

Vanquished Creatures (others)
  4 plants (D:8)
4 creatures vanquished.

Grand Total: 137 creatures vanquished

Notes
Turn   | Place    | Note
-------+----------+-------------------------------------------
     0 | D:1      | protoss039 the Demonspawn Earth Elementalist began the
                  | quest for the Orb.
     0 | D:1      | Reached XP level 1. HP: 13/13 MP: 3/3
   390 | D:1      | Gained mutation: Spells you cast may paralyse adjacent
                  | enemies. [demonic ancestry]
   390 | D:1      | Reached XP level 2. HP: 13/20 MP: 1/5
  1005 | D:1      | Learned a level 2 spell: Passwall
  1009 | D:2      | Reached skill level 1 in Fighting
  1166 | D:2      | Reached XP level 3. HP: 26/26 MP: 3/6
  1201 | D:2      | Found a radiant altar of Vehumet.
  1216 | D:2      | Became a worshipper of Vehumet
  1639 | D:2      | Found a faded altar of an unknown god.
  1862 | D:3      | Found a sparkling altar of Nemelex Xobeh.
  1862 | D:3      | Found a transporter.
  2102 | D:3      | Found an ornate altar of the Wu Jian Council.
  2118 | D:3      | Reached skill level 1 in Armour
  2118 | D:3      | Gained mutation: You have a small tail. [demonic ancestry]
  2118 | D:3      | Reached XP level 4. HP: 13/33 MP: 4/8
  2504 | D:3      | Reached * piety under Vehumet
  2504 | D:3      | Offered knowledge of Freeze by Vehumet.
  2511 | D:3      | Noticed Jessica
  2516 | D:3      | Killed Jessica
  2552 | D:3      | Got Jessica's Meditations on Sinister Liturgies
  2904 | D:3      | Learned a level 3 spell: Stone Arrow
  2905 | D:4      | Noticed a scorpion
  2905 | D:4      | Found a broken altar of Ashenzari.
  2911 | D:4      | Killed a scorpion
  2912 | D:4      | Gained mutation: You have a tail ending in a sharp stinger.
                  | [demonic ancestry]
  2912 | D:4      | Reached XP level 5. HP: 38/39 MP: 4/9
  3057 | D:4      | Reached skill level 1 in Conjurations
  3057 | D:4      | Reached XP level 6. HP: 32/46 MP: 6/10
  3522 | D:4      | Found a sacrificial altar of Ru.
  3569 | D:4      | Found a snail-covered altar of Cheibriados.
  3629 | D:4      | Offered knowledge of Searing Ray by Vehumet.
  3647 | D:4      | Reached ** piety under Vehumet
  3960 | D:5      | Entered Level 5 of the Dungeon
  3965 | D:5      | Identified the +4 quarterstaff "Ceyleuw" {venom, rC- Will+
                  | rCorr}
  4077 | D:5      | Gained mutation: You have a sharp stinger which inflicts
                  | weakening toxins. [demonic ancestry]
  4077 | D:5      | Reached XP level 7. HP: 30/52 MP: 12/12
  4243 | D:5      | Noticed Sigmund
  4255 | D:5      | Killed Sigmund
  4348 | D:5      | Found a shimmering altar of Xom.
  4769 | D:5      | Found a runed translucent gate.
  4769 | D:5      | Found a runed translucent gate.
  4770 | D:5      | Found a runed translucent gate.
  4771 | D:5      | Noticed diceflayer's ghost (novice DsHu)
  4771 | D:5      | Noticed gargbit's ghost (novice FoFi)
  4772 | D:5      | Noticed enotiy's ghost (novice GrFi)
  4772 | D:5      | Noticed Enish's ghost (amateur DgCj)
  4995 | D:5      | Reached XP level 8. HP: 60/60 MP: 14/14
  5541 | D:6      | Found an opulent altar of Gozag.
  5644 | D:6      | Reached skill level 5 in Earth Magic
  5885 | D:6      | Reached skill level 5 in Spellcasting
  5914 | D:6      | Reached skill level 5 in Fighting
  6626 | D:7      | Found a staircase to the Ecumenical Temple.
  6962 | D:7      | Gained mutation: You are partially covered in molten
                  | scales. (AC +2) [demonic ancestry]
  6962 | D:7      | Reached XP level 9. HP: 23/68 MP: 17/17
  6974 | D:7      | Reached skill level 5 in Conjurations
  7507 | D:7      | Offered knowledge of Inner Flame by Vehumet.
  7533 | D:7      | Learned a level 3 spell: Inner Flame
  7536 | D:7      | Learned a level 2 spell: Sublimation of Blood
  7863 | Temple   | Entered the Ecumenical Temple
  8260 | D:7      | Found a bloodstained altar of Trog.
  8610 | D:8      | Reached *** piety under Vehumet
  8805 | D:8      | Found a transporter.
  8809 | D:8      | Noticed a meliai
  8836 | D:8      | Killed from afar by an electric eel

Illustrated notes

Levels and vault maps discovered:
D:1:      shiori_angband_town, layout_basic
D:2:      layout_rooms, shapermc_ecumenical_altar_venn, basic_altar,
          supply_closet_lemuel
D:3:      layout_loops_cross, grunt_nemelex_the_gamble,
          mainiacjoe_overflow_24_doors, zin_scriptorium,
          kennysheep_jessica_study
D:4:      layout_rooms, chei_slow_surprise, mainiacjoe_overflow_catch_the_wave,
          kennysheep_crisscross
D:5:      layout_loops_ring, lemuel_tele_altar, gammafunk_ghost_cemetery,
          uniq_sigmund
D:6:      hellmonk_ruined_rings, layout_rooms, lemuel_doored_altar,
          chequers_serial_rivers_marsh
D:7:      minmay_skewed_foursquare, layout_loops_ring, lightli_temple_of_fire,
          elyvilon_altar_5, minmay_temple_entry_statues_pillars
D:8:      layout_cave_pools, nicolae_dithmenos_through_a_glass_darkly,
          nzn_ghost_randoct, serial_bayou_lake_a
Temple:   hellmonk_temple_two_chambers

Skill      XL: |  1  2  3  4  5  6  7  8  9 |
---------------+----------------------------+-----
Fighting       | 1 2 3 4 5 6 |  6.5
Earth Magic    | 3 4 5 6 |  6.5
Armour         | 1 2 3 |  3.0
Spellcasting   | 3 4 5 6 |  6.3
Conjurations   | 1 2 3 4 6 |  6.0
Dodging        | |  1.7
Stealth        | |  1.7
Transmutations | |  0.8

Action                   |  1- 3 |  4- 6 |  7- 9 || total
-------------------------+-------+-------+-------++-------
Melee: Dagger            |    26 |    39 |       ||    65
       Tailslap          |       |     4 |    16 ||    20
       Quarterstaff      |       |     4 |    75 ||    79
Throw: Throwing net      |       |     1 |       ||     1
 Cast: Sandblast         |    43 |    57 |    54 ||   154
       Passwall          |       |       |     1 ||     1
       Stone Arrow       |       |       |    18 ||    18
  Use: Scroll            |       |       |     7 ||     7
       Potion            |       |       |     6 ||     6
 Stab: Paralysed         |     8 |    23 |     8 ||    39
       Held in net/web   |       |     1 |       ||     1
Armor: Leather armour    |     7 |     1 |       ||     8
       Robe              |       |     7 |    26 ||    33
Dodge: Dodged            |    21 |    32 |    86 ||   139
